PL
PORTLAND EVERGREENS @ BUCKHEAD BOWTIES
07/26/2034
 
TOP OF THE 1ST
Portland Evergreens batting - Pitching for Buckhead Bowties : RHP Ron Manning
Pitching: RHP Ron Manning
Batting: SHB Willie McGirt 0-0: Foul Ball, location: 2F
0-1: Ball
1-1: Called Strike
1-2: Ball
2-2: Ball
3-2: Foul Ball, location: 2F
3-2: Fly out, F4 (Popup, 4D)
Batting: RHB Tae-cho Han 0-0: Called Strike
0-1: Ball
1-1: Called Strike
1-2: Foul Ball, location: 2F
1-2: Reached via error on a dropped throw, E3
Batting: LHB Chris Payling 0-0: Ball
1-0: Called Strike
1-1: Fly out, F7 (Line Drive, 7)
Batting: SHB Billy Dotson 0-0: Ball
1-0: Foul Ball, location: 2F
1-1: Fly out, F3 (Line Drive, 3L)
Top of the 1st over - 0 runs, 0 hits, 1 error, 1 left on base; Portland 0 - Buckhead 0
BOTTOM OF THE 1ST
Buckhead Bowties batting - Pitching for Portland Evergreens : LHP Addie Samson
Pitching: LHP Addie Samson
Batting: LHB José Valéncia 0-0: Called Strike
0-1: Ground out 4-3 (Groundball, 4)
Batting: RHB Richard Jost 0-0: Called Strike
0-1: Ball
1-1: SINGLE (Groundball, 56D)
Batting: RHB Derek Bangert 0-0: Called Strike
0-1: Called Strike
0-2: Ground out 5-3 (Groundball, 56S)
Richard Jost to second
Batting: RHB David Edwards 0-0: Ball
1-0: Foul Ball, location: 2F
1-1: Ball
2-1: Fly out, F6 (Line Drive, 6)
Bottom of the 1st over - 0 runs, 1 hit, 0 errors, 1 left on base; Portland 0 - Buckhead 0
TOP OF THE 2ND
Portland Evergreens batting - Pitching for Buckhead Bowties : RHP Ron Manning
Batting: LHB John Ennis 0-0: Swinging Strike
0-1: Ball
1-1: Swinging Strike
1-2: Strikes out swinging
Batting: LHB John Schaefer 0-0: Called Strike
0-1: Foul Ball, location: 2F
0-2: Strikes out swinging
Batting: RHB Nelson Jaramillo 0-0: Called Strike
0-1: Foul Ball, location: 2F
0-2: Strikes out swinging
Top of the 2nd over - 0 runs, 0 hits, 0 errors, 0 left on base; Portland 0 - Buckhead 0
BOTTOM OF THE 2ND
Buckhead Bowties batting - Pitching for Portland Evergreens : LHP Addie Samson
Batting: RHB Daniel McCoy 0-0: Ball
1-0: Ball
2-0: Called Strike
2-1: Ball
3-1: Base on Balls
Batting: LHB Shunso Kiyomizu 0-0: Ball
1-0: Ball
2-0: Ball
3-0: Called Strike
3-1: Called Strike
3-2: Foul Ball, location: 2F
3-2: Base on Balls
Daniel McCoy to second
Batting: RHB Emílio Agramónte 0-0: Called Strike
0-1: Foul Ball, location: 2F
0-2: Foul Ball, location: 2F
0-2: Ball
1-2: Fly out, F8 (Flyball, 8LD)
Runner from 2nd tags up, SAFE at 3rd with throw
Batting: RHB Raúl Ruíz 0-0: Called Strike
0-1: Fly out, F6 (Popup, 6M)
Batting: LHB Félix López 0-0: Called Strike
0-1: Ball
1-1: Foul Ball, location: 2F
1-2: Foul Ball, location: 2F
1-2: Ball
2-2: Foul Ball, location: 2F
2-2: SINGLE (Groundball, 6MD)
Daniel McCoy scores
Shunso Kiyomizu to second
Runner from 2nd tries for 3rd, SAFE, throw made to third
Batting: LHB José Valéncia 0-0: Ball
1-0: SINGLE (Flyball, 56D)
Shunso Kiyomizu scores
Félix López to second
Batting: RHB Richard Jost 0-0: Swinging Strike
0-1: Ground out 1-3 (Groundball, P)
Bottom of the 2nd over - 2 runs, 2 hits, 0 errors, 2 left on base; Portland 0 - Buckhead 2
TOP OF THE 3RD
Portland Evergreens batting - Pitching for Buckhead Bowties : RHP Ron Manning
Batting: LHB Calvin Wilms 0-0: Foul Ball, location: 2F
0-1: Ball
1-1: Fly out, F7 (Flyball, 78M)
Batting: RHB Blaze Alexander 0-0: Ball
1-0: Ball
2-0: Called Strike
2-1: Foul Ball, location: 2F
2-2: Ball
3-2: Strikes out looking
Batting: SHB Willie McGirt 0-0: Ball
1-0: Ball
2-0: Ball
3-0: Base on Balls
Batting: RHB Tae-cho Han 0-0: Ball
1-0: Ball
2-0: Foul Ball, location: 2F
2-1: Swinging Strike
2-2: Ball
3-2: Ground out 4-3 (Groundball, 4)
Top of the 3rd over - 0 runs, 0 hits, 0 errors, 1 left on base; Portland 0 - Buckhead 2
BOTTOM OF THE 3RD
Buckhead Bowties batting - Pitching for Portland Evergreens : LHP Addie Samson
Batting: RHB Derek Bangert 0-0: Ball
1-0: Ball
2-0: Ball
3-0: Called Strike
3-1: Base on Balls
Batting: RHB David Edwards 0-0: Called Strike
0-1: Fly out, F9 (Flyball, 89D)
Batting: RHB Daniel McCoy 0-0: Ball
1-0: Hit by Pitch
Derek Bangert to second
Batting: LHB Shunso Kiyomizu 0-0: Foul Ball, location: 2F
0-1: Foul Ball, location: 2F
0-2: Foul Ball, location: 2F
0-2: Foul Ball, location: 2F
0-2: Ball
1-2: Fly out, F9 (Flyball, 9LM)
Batting: RHB Emílio Agramónte 0-0: Called Strike
0-1: Ball
1-1: Ball
2-1: Ball
3-1: Swinging Strike
3-2: Strikes out looking
Bottom of the 3rd over - 0 runs, 0 hits, 0 errors, 2 left on base; Portland 0 - Buckhead 2
TOP OF THE 4TH
Portland Evergreens batting - Pitching for Buckhead Bowties : RHP Ron Manning
Batting: LHB Chris Payling 0-0: Called Strike
0-1: Called Strike
0-2: Ball
1-2: Ball
2-2: Ball
3-2: SINGLE (Groundball, 34D)
Batting: SHB Billy Dotson 0-0: Ball
1-0: Ball
2-0: Ball
3-0: Called Strike
3-1: Called Strike
3-2: Strikes out swinging
Batting: LHB John Ennis 0-0: Ball
1-0: Ball
2-0: Foul Ball, location: 2F
2-1: Swinging Strike
2-2: Foul Ball, location: 2F
2-2: Foul Ball, location: 2F
2-2: Ball
Chris Payling steals 2nd base
3-2: Fly out, F7 (Flyball, 7)
Batting: LHB John Schaefer 0-0: Called Strike
0-1: Ball
1-1: Fly out, F8 (Flyball, 8RXD)
Top of the 4th over - 0 runs, 1 hit, 0 errors, 1 left on base; Portland 0 - Buckhead 2
BOTTOM OF THE 4TH
Buckhead Bowties batting - Pitching for Portland Evergreens : LHP Addie Samson
Batting: RHB Raúl Ruíz 0-0: Ball
1-0: Called Strike
1-1: Foul Ball, location: 2F
1-2: Ball
2-2: Ground out 5-3 (Groundball, 5L)
Batting: LHB Félix López 0-0: Called Strike
0-1: Called Strike
0-2: Ball
1-2: Strikes out looking
Batting: LHB José Valéncia 0-0: Called Strike
0-1: Ball
1-1: Foul Ball, location: 2F
1-2: Ball
2-2: SINGLE (Groundball, 34D)
Batting: RHB Richard Jost 0-0: Ball
1-0: Fly out, F9 (Flyball, 89S)
Bottom of the 4th over - 0 runs, 1 hit, 0 errors, 1 left on base; Portland 0 - Buckhead 2
TOP OF THE 5TH
Portland Evergreens batting - Pitching for Buckhead Bowties : RHP Ron Manning
Batting: RHB Nelson Jaramillo 0-0: Ball
1-0: Ball
2-0: Called Strike
2-1: Foul Ball, location: 2F
2-2: Foul Ball, location: 2F
2-2: Ball
3-2: DOUBLE (Line Drive, 78XD)
Batting: LHB Calvin Wilms 0-0: Called Strike
0-1: Ground out 4-3 (Groundball, 4MS)
Nelson Jaramillo to third
Batting: RHB Blaze Alexander 0-0: Foul Ball, location: 2F
0-1: Swinging Strike
0-2: Ball
1-2: Foul Ball, location: 2F
1-2: Fly out, F2 (Popup, 25F)
Batting: SHB Willie McGirt 0-0: Called Strike
0-1: Ball
1-1: Ball
2-1: Ball
3-1: Swinging Strike
3-2: Foul Ball, location: 2F
3-2: Base on Balls
Batting: RHB Tae-cho Han 0-0: Ball
1-0: Ball
2-0: Foul Ball, location: 2F
2-1: Ball
3-1: SINGLE (Line Drive, 8LS)
Nelson Jaramillo scores
Willie McGirt to second
Runner from 2nd tries for 3rd, SAFE, no throw
Pitching: LHP Yajirobei Otomo
Batting: LHB Chris Payling 0-0: Foul Ball, location: 2F
0-1: Ball
1-1: Ball
2-1: Called Strike
2-2: Fly out, F5 (Line Drive, 5L)
Top of the 5th over - 1 run, 2 hits, 0 errors, 2 left on base; Portland 1 - Buckhead 2
BOTTOM OF THE 5TH
Buckhead Bowties batting - Pitching for Portland Evergreens : LHP Addie Samson
Batting: RHB Derek Bangert 0-0: Foul Ball, location: 2F
0-1: Ball
1-1: Ball
2-1: Swinging Strike
2-2: Ball
3-2: Foul Ball, location: 2F
3-2: Strikes out swinging
Batting: RHB David Edwards 0-0: SINGLE (Flyball, 6MD)
Batting: RHB Daniel McCoy 0-0: Called Strike
0-1: SINGLE (Flyball, 7LS)
David Edwards to second
Batting: LHB Shunso Kiyomizu 0-0: Ball
1-0: Fly out, F8 (Line Drive, 8LD)
Batting: RHB Emílio Agramónte 0-0: 3-RUN HOME RUN (Flyball, 7LD), Distance : 380 ft
Batting: RHB Raúl Ruíz 0-0: Ball
1-0: Called Strike
1-1: SINGLE (Groundball, 56D)
Batting: LHB Félix López 0-0: Called Strike
0-1: Ball
1-1: Foul Ball, location: 2F
1-2: Ground out 4-3 (Groundball, 4)
Bottom of the 5th over - 3 runs, 4 hits, 0 errors, 1 left on base; Portland 1 - Buckhead 5
TOP OF THE 6TH
Portland Evergreens batting - Pitching for Buckhead Bowties : LHP Yajirobei Otomo
Batting: SHB Billy Dotson 0-0: Ball
1-0: Called Strike
1-1: Swinging Strike
1-2: Foul Ball, location: 2F
1-2: Ball
2-2: Ball
3-2: Foul Ball, location: 2F
3-2: Foul Ball, location: 2F
3-2: Hit by Pitch
Batting: LHB John Ennis 0-0: Ball
1-0: Fly out, F6 (Line Drive, 6)
Batting: LHB John Schaefer 0-0: Called Strike
Billy Dotson is caught stealing 2nd base
0-1: Foul Ball, location: 2F
0-2: Ball
1-2: Ball
2-2: Ball
3-2: Strikes out looking
Top of the 6th over - 0 runs, 0 hits, 0 errors, 0 left on base; Portland 1 - Buckhead 5
BOTTOM OF THE 6TH
Buckhead Bowties batting - Pitching for Portland Evergreens : LHP Addie Samson
Batting: LHB José Valéncia 0-0: Ball
1-0: Called Strike
1-1: Foul Ball, location: 2F
1-2: Foul Ball, location: 2F
1-2: Foul Ball, location: 2F
1-2: Strikes out swinging
Pitching: LHP Ming-jiang Wu
Batting: RHB Richard Jost 0-0: Called Strike
0-1: Foul Ball, location: 2F
0-2: Ball
1-2: Foul Ball, location: 2F
1-2: Foul Ball, location: 2F
1-2: Ball
2-2: Ball
3-2: Base on Balls
Batting: RHB Derek Bangert 0-0: Ball
1-0: Called Strike
1-1: Foul Ball, location: 2F
1-2: Ball
2-2: Strikes out swinging
Batting: RHB David Edwards 0-0: Ball
1-0: Called Strike
1-1: Ball
2-1: Ball
3-1: Called Strike
3-2: Base on Balls
Richard Jost to second
Batting: RHB Daniel McCoy 0-0: Called Strike
0-1: Called Strike
0-2: Ball
1-2: Foul Ball, location: 2F
1-2: Ball
2-2: 3-RUN HOME RUN (Flyball, 7LD), Distance : 373 ft
Batting: LHB Shunso Kiyomizu 0-0: Ball
1-0: Fly out, F3 (Flyball, 3D)
Bottom of the 6th over - 3 runs, 1 hit, 0 errors, 0 left on base; Portland 1 - Buckhead 8
TOP OF THE 7TH
Portland Evergreens batting - Pitching for Buckhead Bowties : LHP Yajirobei Otomo
Batting: RHB Nelson Jaramillo 0-0: Ball
1-0: Foul Ball, location: 2F
1-1: Foul Ball, location: 2F
1-2: Foul Ball, location: 2F
1-2: Foul Ball, location: 2F
1-2: Ball
2-2: Foul Ball, location: 2F
2-2: Ball
3-2: Foul Ball, location: 2F
3-2: Foul Ball, location: 2F
3-2: Base on Balls
Batting: LHB Calvin Wilms 0-0: Called Strike
0-1: Ball
1-1: Called Strike
1-2: Strikes out looking
Batting: RHB Blaze Alexander 0-0: Called Strike
0-1: Ball
1-1: Grounds into double play, 6-4-3 (Groundball, 6)
Top of the 7th over - 0 runs, 0 hits, 0 errors, 0 left on base; Portland 1 - Buckhead 8
BOTTOM OF THE 7TH
Buckhead Bowties batting - Pitching for Portland Evergreens : LHP Ming-jiang Wu
Batting: RHB Emílio Agramónte 0-0: Ball
1-0: Foul Ball, location: 2F
1-1: Swinging Strike
1-2: Ball
2-2: SINGLE (Groundball, 2L) (infield hit)
Batting: RHB Raúl Ruíz 0-0: Called Strike
0-1: Ball
1-1: Foul Ball, location: 2F
1-2: Ball
2-2: Foul Ball, location: 2F
2-2: Fly out, F8 (Line Drive, 8LD)
Batting: LHB Félix López 0-0: Swinging Strike
0-1: Ball
1-1: Swinging Strike
1-2: Strikes out swinging
Batting: LHB José Valéncia 0-0: Ball
1-0: Fielders Choice at 2nd, U4 (Groundball, 4M)
Bottom of the 7th over - 0 runs, 1 hit, 0 errors, 1 left on base; Portland 1 - Buckhead 8
TOP OF THE 8TH
Portland Evergreens batting - Pitching for Buckhead Bowties : LHP Yajirobei Otomo
Batting: SHB Willie McGirt 0-0: Called Strike
0-1: Foul Ball, location: 2F
0-2: Ball
1-2: Foul Ball, location: 2F
1-2: Ball
2-2: Ball
3-2: Strikes out swinging
Batting: RHB Tae-cho Han 0-0: Ball
1-0: Ground out 6-3 (Groundball, 6D)
Batting: LHB Chris Payling 0-0: Ball
1-0: Foul Ball, location: 2F
1-1: Ground out U3 (Groundball, 3)
Top of the 8th over - 0 runs, 0 hits, 0 errors, 0 left on base; Portland 1 - Buckhead 8
BOTTOM OF THE 8TH
Buckhead Bowties batting - Pitching for Portland Evergreens : LHP Ming-jiang Wu
Batting: RHB Richard Jost 0-0: Foul Ball, location: 2F
0-1: Ball
1-1: Ball
2-1: Ground out 5-3 (Groundball, 56S)
Batting: RHB Derek Bangert 0-0: Called Strike
0-1: Called Strike
0-2: Reached via error on a dropped throw, E3
Batting: RHB David Edwards 0-0: Ball
1-0: Foul Ball, location: 2F
1-1: Called Strike
1-2: Foul Ball, location: 2F
1-2: Fly out, F7 (Line Drive, 78XD)
Batting: RHB Daniel McCoy 0-0: Called Strike
0-1: Fly out, F7 (Line Drive, 7)
Bottom of the 8th over - 0 runs, 0 hits, 1 error, 1 left on base; Portland 1 - Buckhead 8
TOP OF THE 9TH
Portland Evergreens batting - Pitching for Buckhead Bowties : LHP Yajirobei Otomo
Batting: SHB Billy Dotson 0-0: Ground out 3-1 (Groundball, 34)
Batting: LHB John Ennis 0-0: Ball
1-0: Foul Ball, location: 2F
1-1: Foul Ball, location: 2F
1-2: Foul Ball, location: 2F
1-2: Ball
2-2: Ground out 4-3 (Groundball, 4)
Batting: LHB John Schaefer 0-0: Called Strike
0-1: Foul Ball, location: 2F
0-2: Ball
1-2: Fly out, F6 (Popup, 6)
Top of the 9th over - 0 runs, 0 hits, 0 errors, 0 left on base; Portland 1 - Buckhead 8
Friday, March 29th, 2019 - OOTP Baseball 18.8 Build 76